 Dungeon Crawl Stone Soup version 0.29.1-1-gd02db6906a (webtiles) character file.

Game seed: 846829234760674158

88 safid the Shooter (level 4, 0/38 HPs)
             Began as a Minotaur Hunter on Oct 12, 2022.
             Slain by Pargi (2 damage)
             ... in a sewer.
             The game lasted 00:04:18 (1774 turns).

safid the Shooter (Minotaur Hunter)                 Turns: 1774, Time: 00:04:19

Health: 0/38       AC:  3    Str: 16    XL:     4   Next: 30%
Magic:  3/3        EV: 12    Int:  6    God:
Gold:   133        SH:  0    Dex: 15    Spells: 3/3 levels left

rFire   . . .      SeeInvis .   a - +0 shortbow
rCold   . . .      Faith    .   (shield currently unavailable)
rNeg    . . .      Spirit   .   c - +0 leather armour
rPois   .          Reflect  .   (helmet restricted)
rElec   .          Harm     .   (no cloak)
rCorr   .          Rampage  .   (no gloves)
Will    .....                   (no boots)
Stlth   +.........              (no amulet)
HPRegen 0.12/turn               (no ring)
MPRegen 0.08/turn               (no ring)

@: no status effects
A: horns 2, retaliatory headbutt
a: no special abilities


You were in a sewer.
You visited 1 branch of the dungeon, and saw 3 of its levels.
You also visited: Sewer.

You collected 133 gold pieces.

Inventory:

Hand Weapons
 a - a +0 shortbow (weapon)
Armour
 c - a +0 leather armour (worn)
Wands
 l - a wand of flame (21)
Scrolls
 b - 2 scrolls of immolation
 d - a scroll of noise {unknown}
 f - 4 scrolls of identify {unknown}
 h - a scroll of torment {unknown}
 i - a scroll of teleportation {unknown}
 k - a scroll of enchant armour {unknown}
Potions
 g - a potion of attraction


   Skills:
 - Level 3.0 Fighting
 + Level 6.2 Ranged Weapons
 - Level 2.1 Dodging
 - Level 0.7 Stealth


You had 3 spell levels left.
You didn't know any spells.
Your spell library contained the following spells:

 Spells                   Type           Power      Damage    Failure   Level
 Apportation              Tloc           0%         N/A       52%         1
 Necrotise                Necr           0%         1d4       52%         1
 Summon Small Mammal      Summ           0%         N/A       52%         1


Dungeon Overview and Level Annotations

Branches:
Dungeon (3/15)              Sewer (1/1)

Altars:

Annotations:
D:3 2 runed translucent doors Sewer Pargi


Innate Abilities, Weirdness & Mutations

You have a pair of horns on your head.
You reflexively headbutt those who attack you in melee.


Message History

Press: ? - help, Q - select action, (/) - cycle Shift-Dir - straight line, f/p - Pargi
Aim: Pargi (heavily wounded, 56% to hit)
You shoot an arrow. The arrow misses Pargi.
Pargi bites you but does no damage. Pargi claws you. x2
Unknown command.
Okay, then.
As you read the scroll labelled ACRITHRYPNE, it crumbles to dust.
Wisps of shadow whirl around you...
It was a scroll of summoning.
Pargi bites you!
* * * LOW HITPOINT WARNING * * *
Pargi closely misses you. Pargi claws you but does no damage.
Unknown command.
Fire: a) +0 shortbow
Press: ? - help, Q - select action, (/) - cycle Shift-Dir - straight line, f/p - Pargi
Aim: Pargi (heavily wounded, ally target, 56% to hit)
You shoot an arrow. The arrow barely misses Pargi.
Pargi barely misses you. Pargi claws you.
* * * LOW HITPOINT WARNING * * *
Pargi misses you.
Your adder bites Pargi but does no damage.
Pargi barely misses you. Pargi claws you.
* * * LOW HITPOINT WARNING * * *
Pargi claws you but does no damage.
Fire: a) +0 shortbow
Press: ? - help, Q - select action, (/) - cycle Shift-Dir - straight line, f/p - Pargi
Aim: Pargi (moderately wounded, ally target, 56% to hit)
You shoot an arrow. The arrow completely misses Pargi.
Your adder barely misses Pargi.
Your quokka completely misses Pargi.
Pargi completely misses you. Pargi misses you.
Pargi claws you but does no damage.
Your adder bites Pargi.
Your quokka barely misses Pargi.
Fire: a) +0 shortbow
Press: ? - help, Q - select action, (/) - cycle Shift-Dir - straight line, f/p - Pargi
Aim: Pargi (moderately wounded, ally target, 56% to hit)
You shoot an arrow. The arrow hits Pargi!
Pargi is heavily wounded.
Your adder bites Pargi.
Pargi bites you but does no damage. Pargi claws you.
* * * LOW HITPOINT WARNING * * *
Pargi claws you.
You die...

# # # ######## ##
###......### .#
###..~.....r.###
.#
###...~~####.@T..#
~###...~~###
###S~.~.#
.~~~~~.~## #~.~...
.###.~.~.# .~~~##
.# ###.....# .##.$
.# ###..~.. ## )
## ##.... ####


You could see Pargi (ally target), a friendly adder (summoned) and a friendly
quokka (summoned).

Vanquished Creatures
  An orc wizard (D:3)
  A worm (D:3)
  A dart slug (D:2)
  4 orcs (D:3)
  11 ball pythons
  2 endoplasms (D:2)
  3 giant cockroaches
  5 goblins
  7 hobgoblins
  2 jackals (Sewer)
  3 quokkas
  A bat (D:1)
  4 frilled lizards
  3 kobolds
  2 rats (D:2)
50 creatures vanquished.

Notes
Turn   | Place    | Note
-------+----------+-------------------------------------------
     0 | D:1      | safid the Minotaur Hunter began the quest for the Orb.
     0 | D:1      | Reached XP level 1. HP: 18/18 MP: 0/0
   131 | D:1      | Found a faded altar of an unknown god.
   387 | D:1      | Reached XP level 2. HP: 25/25 MP: 1/1
   722 | D:2      | Reached skill level 5 in Ranged Weapons
   883 | D:2      | Reached XP level 3. HP: 31/31 MP: 2/2
  1346 | D:3      | Found a large runed translucent door.
  1416 | D:3      | Identified the +2 spear "Beastbane" {antimagic, Str+5
                  | Dex+3}
  1447 | D:3      | Reached skill level 6 in Ranged Weapons
  1447 | D:3      | Reached XP level 4. HP: 9/38 MP: 3/3
  1507 | D:3      | Found a large runed translucent door.
  1602 | D:3      | Found a glowing drain.
  1617 | Sewer    | Entered a sewer
  1761 | Sewer    | Noticed Pargi
  1774 | Sewer    | Slain by Pargi

Illustrated notes

Levels and vault maps discovered:
D:1:      dpeg_arrival_shrine, layout_loops_ring, ebering_ecumenical_altar_mist,
          minmay_unequal
D:2:      layout_basic
D:3:      minmay_skewed_foursquare, layout_basic, kennysheep_orc_sif_temple,
          jmf_multi_god_temple2, cheibrodos_sewer_entry_drain
Sewer:    sewer_the_moccasin

Skill      XL: |  1  2  3 |
---------------+----------+-----
Fighting       | 3 |  3.0
Ranged Weapons | 5 6 |  6.2
Dodging        | |  2.1
Stealth        | |  0.7

Action                   |  1- 3 |  4- 6 || total
-------------------------+-------+-------++-------
 Fire: Shortbow          |   102 |    30 ||   132
  Use: Potion            |     2 |       ||     2
       Scroll            |       |     1 ||     1
Armor: Leather armour    |    10 |     6 ||    16
       Skin              |     7 |       ||     7
Dodge: Dodged            |    24 |    11 ||    35
